 Dungeon Sprint DCSS version 0.19-a0-1682-g5114f93 (webtiles) character file.

33589 poirepourri the Ninja (level 13, 0/58 (60) HPs)
             Began as a Spriggan Enchanter on Sept 24, 2016.
             Was the Champion of Dithmenos.
             Succumbed to poison (dark miasma)
             ... in the Dungeon (Sprint I: "Red Sonja").
             The game lasted 00:22:44 (6992 turns).

poirepourri the Ninja (Spriggan Enchanter)          Turns: 6992, Time: 00:22:45

HP:   0/58 (60)     AC: 11    Str: 11    XL:     13   Next: 37%
MP:   36/36         EV: 23    Int: 16    God:    Dithmenos [******]
Gold: 2628          SH:  0    Dex: 20    Spells: 5 memorised, 36 levels left

rFire  . . .     SeeInvis +     e - +2 rapier (speed)
rCold  + + .     Gourm    .     s - +1 ice dragon armour "Zouza" {rF- rC++ rN+ Str+3 Int-2}
rNeg   + + +     Faith    .     (shield restricted)
rPois  .         Spirit   .     (helmet restricted)
rElec  +         Dismiss  .     (no cloak)
rCorr  .         Reflect  .     (gloves unavailable)
MR     +++..     Harm     .     (boots unavailable)
Stlth  ++++++++++ NoTele   +    a - amulet of magic regeneration
                                B - ring of Zotutz {+Fly rElec rN++ SInv}
                                x - ring of the Aged Lies {rElec rF+ MR+ Str+4 SInv}

@: lethally poisoned (0 -> -66), non-regenerating, diseased, slowed, wreathed by
umbra, quick
A: unfitting armour, see invisible, herbivore 3, speed 3, slow metabolism 2
a: Shadow Step, Shadow Form, Renounce Religion, Evoke Flight


You were in the Dungeon.
You worshipped Dithmenos.
Dithmenos was exalted by your worship.
You were not hungry.

You visited 1 branch You collected 5695 gold pieces.
You spent 3067 gold pieces at shops.

Inventory:

Hand Weapons
 e - a +2 rapier of speed (weapon)
 m - a +0 blowgun
 w - a +1 dagger of venom
Missiles
 n - 7 curare-tipped needles
Armour
 b - a +2 robe
 s - the +1 ice dragon armour "Zouza" (worn) {rF- rC++ rN+ Str+3 Int-2}
   (You found it in the Dungeon)

   It affects your strength (+3).
   It affects your intelligence (-2).
   It makes you vulnerable to fire.
   It greatly protects you from cold.
   It protects you from negative energy.
 t - a +2 robe of resistance
 u - the +1 robe "Senuh" {rPois MR+}
   (You bought it in a shop in the Dungeon)

   It protects you from poison.
   It affects your resistance to hostile enchantments.
Jewellery
 a - an amulet of magic regeneration (around neck)
 p - a +4 ring of evasion
 q - an uncursed ring of magical power
 v - an uncursed ring of poison resistance
 x - the ring of the Aged Lies (left hand) {rElec rF+ MR+ Str+4 SInv}
   (You bought it in a shop in the Dungeon)

   [ring of protection from magic]

   It affects your strength (+4).
   It protects you from fire.
   It insulates you from electricity.
   It affects your resistance to hostile enchantments.
   It lets you see invisible.
 B - the ring of Zotutz (right hand) {+Fly rElec rN++ SInv}
   (You bought it in a shop in the Dungeon)

   [ring of flight]

   It insulates you from electricity.
   It greatly protects you from negative energy.
   It lets you see invisible.
   It lets you fly.
 C - an uncursed amulet of regeneration
Wands
 j - a wand of paralysis (18/24)
 o - a wand of digging (9/24)
Scrolls
 y - a scroll of holy word
 E - a scroll of enchant weapon
 F - a scroll of enchant armour
 G - 2 scrolls of blinking
 H - a scroll of identify
Potions
 h - 3 potions of magic
 i - 2 potions of berserk rage
 k - a potion of brilliance
 l - a potion of mutation {unknown}
 z - a potion of might {unknown}
 A - a potion of haste
Books
 c - a book of Maledictions

   Spells                             Type                      Level
   a - Corona                         Hexes                        1
   b - Ensorcelled Hibernation        Hexes/Ice                    2
   c - Confuse                        Hexes                        3
   d - Tukima's Dance                 Hexes                        3
   e - Dazzling Spray                 Conjuration/Hexes            3
 f - a book of Ice

   Spells                             Type                      Level
   a - Ice Form                       Ice/Transmutation            4
   b - Metabolic Englaciation         Hexes/Ice                    5
   c - Ozocubu's Refrigeration        Ice                          6
   d - Bolt of Cold                   Conjuration/Ice              6
   e - Freezing Cloud                 Conjuration/Ice/Air          6
   f - Simulacrum                     Ice/Necromancy               6
 g - a book of Summonings

   Spells                             Type                      Level
   a - Recall                         Summoning/Translocation      3
   b - Aura of Abjuration             Summoning                    5
   c - Summon Demon                   Summoning                    5
   d - Summon Forest                  Summoning/Translocation      5
   e - Summon Mana Viper              Hexes/Summoning              5
   f - Shadow Creatures               Summoning                    6
 D - a book of the Warp

   Spells                             Type                      Level
   a - Gell's Gravitas                Hexes/Translocation          3
   b - Force Lance                    Conjuration/Translocation    4
   c - Summon Forest                  Summoning/Translocation      5
   d - Dispersal                      Translocation                6
   e - Controlled Blink               Translocation                8
   f - Disjunction                    Translocation                8
Comestibles
 d - 4 bread rations
 r - 3 fruits


   Skills:
 + Level 3.3 Fighting
 + Level 9.7 Short Blades
 + Level 0.5 Armour
 * Level 15.8 Dodging
 O Level 27 Stealth
 + Level 18.4 Spellcasting
 + Level 8.0 Conjurations
 + Level 20.2 Hexes
 - Level 2.1 Ice Magic
 + Level 3.9 Invocations


You had 36 spell levels left.
You knew the following spells:

 Your Spells              Type           Power        Failure   Level  Hunger
a - Corona                Hex            ######.      0%          1    None
b - Ensorcelled Hibernat  Hex/Ice        ######       1%          2    None
c - Confuse               Hex            ######..     1%          3    None
d - Tukima's Dance        Hex            ######..     1%          3    None
e - Dazzling Spray        Conj/Hex       ######       1%          3    None


Dungeon Overview and Level Annotations

Branches:
Dungeon (1/1)

Altars:
Cheibriados
Dithmenos
Elyvilon
Fedhas
Gozag
Hepliaklqana
Kikubaaqudgha
Makhleb
Nemelex Xobeh
Okawaru
Qazlal
Ru
Sif Muna
Trog
Uskayaw
Vehumet
Xom
Yredelemnul
Zin
The Shining One
Jiyva
Lugonu

Shops:
D [=*=[}!???%(([%=[*=[%(

Annotations:
D Lom Lobon, Tiamat


Innate Abilities, Weirdness & Mutations

You are tiny and cannot use many weapons and most armour.
You have supernaturally acute eyesight. (SInv)
You are a herbivore.
You cover ground extremely quickly.
You need consume almost no food.


Message History

You feel yourself slow down.
You emit a cloud of dark smoke.
You feel sick.
You see here a throwing net.
You are engulfed in dark miasma.
You are lethally poisoned!
You feel your flesh rotting away!
You emit a cloud of dark smoke.
You feel very sick.
You are engulfed in dark miasma.
You are more poisoned.
You feel your flesh rotting away!
You feel ill.
You feel very sick.
You feel very sick.
* * * LOW HITPOINT WARNING * * *
You feel very sick.
* * * LOW HITPOINT WARNING * * *
You feel very sick.
Okay, then.
* * * LOW HITPOINT WARNING * * *
You feel very sick.
You die...

.§§#...###..###.#..≈###§##...#...
^§§§§§§§§##.#A#.#..≈)\#.####'#...
§§§#§§.§§#..###.#.)≈.##§#.§§.##§§
§^.###§§##.##...#..≈##§§§§.§§.##§
§§###§§###..#+###..≈#§§§§§§§...#§
.§####§§###...#.≈..##..§.§§§...##
#+#..#.§#.###.#.≈).#..§..÷).....#
#.........#.###..#...§§§§§....#
###.........#.#.@..##..§.......##
..'......####'#.##'##....§.....#.
####§..###....#.#≈≈≈##........##.
.(.#####.).####.#≈≈≈≈##([.(..##..
.....)...###.§§.#≈≈≈≈≈########§§.
(....#####§§§§####≈≈≈≈#(≈≈≈≈#....
....##..§..§§§#..#'≈≈≈(≈(.≈≈'.§§.
...##..§§^..§§#...##≈≈#≈≈≈≈≈#§≈≈.
...# ....).§..#....######(#####≈≈


There were no monsters in sight!

Vanquished Creatures
  the Lernaean hydra (D)
  A golden dragon (D)
  A shadow dragon (D)
  4 fire giants (D)
  A deep elf annihilator (D)
  A lorocyproca (D)
  A mummy priest (D)
  A hydra (D)
  2 centaur warriors (D)
  Sonja (D)
  A deep troll (D)
  7 unseen horrors (D)
  A lindwurm (D)
  2 oklob plants (D)
  8 shining eyes (D)
  2 sirens (D)
  A gargoyle (D)
  4 demonic crawlers (D)
  2 kobold demonologists (D)
  A slime creature (D)
  2 redbacks (D)
  Sigmund (D)
  13 hogs (D)
  A yak (D)
  7 floating eyes (D)
  5 wasps (D)
  7 necrophages (D)
  An ogre (D)
  8 jellies (D)
  Ijyb (D)
  3 ballistomycetes (D)
  A ballistomycete spore (D)
93 creatures vanquished.

Vanquished Creatures (others)
  A deep elf master archer (D)
  A gargoyle (D)
  A hellwing (D)
  A ballistomycete spore (D)
4 creatures vanquished.

Grand Total: 97 creatures vanquished

Notes
Turn   | Place    | Note
-------+----------+-------------------------------------------
     0 | D        | poirepourri the Spriggan Enchanter began the quest for the Orb.
     0 | D        | Reached XP level 1. HP: 9/9 MP: 5/5
     1 | D        | Noticed Ijyb
    10 | D        | Killed Ijyb
    10 | D        | Reached skill level 6 in Stealth
    10 | D        | Reached skill level 5 in Hexes
    10 | D        | Reached XP level 2. HP: 13/13 MP: 5/7
    15 | D        | Learned a level 2 spell: Ensorcelled Hibernation
    31 | D        | Noticed an ogre
    34 | D        | Killed an ogre
    34 | D        | Reached skill level 5 in Dodging
    34 | D        | Reached skill level 9 in Stealth
    34 | D        | Reached XP level 3. HP: 16/16 MP: 8/10
    34 | D        | Reached XP level 4. HP: 21/21 MP: 8/11
    62 | D        | Noticed Sigmund
    65 | D        | Killed Sigmund
    65 | D        | Reached skill level 12 in Stealth
    65 | D        | Reached XP level 5. HP: 24/24 MP: 11/14
    98 | D        | Found a deep blue altar of Sif Muna.
   100 | D        | Found a radiant altar of Vehumet.
   106 | D        | Learned a level 3 spell: Confuse
   111 | D        | Reached skill level 10 in Hexes
   111 | D        | Reached XP level 6. HP: 28/28 MP: 13/16
   136 | D        | Found Sabipt's Jewellery Emporium.
   136 | D        | Found an ancient bone altar of Kikubaaqudgha.
   136 | D        | Found a hazy altar of Hepliaklqana.
   136 | D        | Found a stormy altar of Qazlal.
   136 | D        | Found a hide-covered altar of Uskayaw.
   136 | D        | Found a blossoming altar of Fedhas.
   136 | D        | Found a bloodstained altar of Trog.
   136 | D        | Found an iron altar of Okawaru.
   136 | D        | Found a basalt altar of Yredelemnul.
   136 | D        | Found a glowing golden altar of the Shining One.
   136 | D        | Found a snail-covered altar of Cheibriados.
   136 | D        | Found a sacrificial altar of Ru.
   136 | D        | Found a glowing silver altar of Zin.
   136 | D        | Found a shadowy altar of Dithmenos.
   136 | D        | Found a white marble altar of Elyvilon.
   136 | D        | Noticed a yak
   137 | D        | Found an opulent altar of Gozag.
   138 | D        | Killed a yak
   138 | D        | Reached skill level 13 in Stealth
   139 | D        | Found a sparkling altar of Nemelex Xobeh.
   147 | D        | Became a worshipper of Dithmenos the Shadowed
   253 | D        | Found a burning altar of Makhleb.
   253 | D        | Found a viscous altar of Jiyva.
   253 | D        | Found a shimmering altar of Xom.
   253 | D        | Found a corrupted altar of Lugonu.
   253 | D        | Noticed a slime creature
   259 | D        | Killed a slime creature
   259 | D        | Reached skill level 14 in Stealth
   259 | D        | Reached XP level 7. HP: 27/32 MP: 16/19
   326 | D        | Learned a level 3 spell: Tukima's Dance
   330 | D        | Learned a level 3 spell: Dazzling Spray
   330 | D        | Noticed Sonja
   334 | D        | Killed Sonja
   334 | D        | Reached skill level 16 in Stealth
   334 | D        | Reached skill level 1 in Ice Magic
   334 | D        | Reached XP level 8. HP: 36/36 MP: 14/21
   390 | D        | Noticed a deep troll
   394 | D        | Killed a deep troll
   394 | D        | Reached * piety under Dithmenos
   394 | D        | Reached skill level 18 in Stealth
   406 | D        | Found Husiss's Armour Emporium.
   432 | D        | Noticed a centaur warrior
   432 | D        | Noticed a centaur warrior
   439 | D        | Killed a centaur warrior
   439 | D        | Reached skill level 19 in Stealth
   439 | D        | Reached XP level 9. HP: 39/39 MP: 20/23
   443 | D        | Killed a centaur warrior
   443 | D        | Reached skill level 10 in Dodging
   443 | D        | Reached skill level 20 in Stealth
   443 | D        | Reached skill level 10 in Spellcasting
   722 | D        | Reached ** piety under Dithmenos
   733 | D        | Noticed an oklob plant
   735 | D        | Killed an oklob plant
   735 | D        | Reached skill level 15 in Hexes
   745 | D        | Reached skill level 21 in Stealth
   767 | D        | Noticed an unseen horror
   767 | D        | Noticed an unseen horror
   776 | D        | Killed an unseen horror
   776 | D        | Reached *** piety under Dithmenos
   776 | D        | Reached XP level 10. HP: 41/44 MP: 22/25
   780 | D        | Killed an unseen horror
   780 | D        | Reached skill level 1 in Fighting
   780 | D        | Reached skill level 22 in Stealth
   830 | D        | Reached **** piety under Dithmenos
   842 | D        | Reached ***** piety under Dithmenos
   923 | D        | Reached skill level 23 in Stealth
  1050 | D        | Killed a gargoyle
  1164 | D        | Found Yrezudwe's General Store.
  1164 | D        | Found Ryskeax's Jewellery Emporium.
  1165 | D        | Found Gigoapto's Food Emporium.
  1176 | D        | Got a pitted ice dragon armour
  1185 | D        | Found Guuguf's Magic Scroll Shoppe.
  1185 | D        | Found Nyntonyo's Distillery.
  1185 | D        | Found Umodum's Magic Scroll Boutique.
  1187 | D        | Found Sommatie's Magic Scroll Emporium.
  1187 | D        | Found Tudghila's Food Shop.
  1187 | D        | Found Vyhau's Weapon Shoppe.
  1187 | D        | Found Ahoppesie's Antique Weapon Boutique.
  1187 | D        | Found Yrezudwe's Armour Emporium.
  1187 | D        | Found Mouhoerr's Food Shop.
  1187 | D        | Found Lumuywec's Jewellery Shoppe.
  1190 | D        | Bought a scroll of identify for 20 gold pieces
  1191 | D        | Found Usmeh's Antique Armour Boutique.
  1199 | D        | Bought a crude robe for 148 gold pieces
  1200 | D        | Bought an uncursed ring of poison resistance for 280 gold pieces
  1203 | D        | Bought a scroll of identify for 20 gold pieces
  1208 | D        | Identified the +1 robe "Senuh" {rPois MR+} (You bought it in a shop in the Dungeon)
  1229 | D        | Identified the cursed +1 ice dragon armour "Zouza" {rF- rC++ rN+ Str+3 Int-2} (You found it in the Dungeon)
  1245 | D        | Bought a scroll of remove curse for 36 gold pieces
  1479 | D        | Found Fizycrist's Armour Boutique.
  1525 | D        | Bought a +2 robe of resistance for 490 gold pieces
  1557 | D        | Reached ****** piety under Dithmenos
  1557 | D        | Reached skill level 5 in Short Blades
  1583 | D        | Reached skill level 1 in Conjurations
  1600 | D        | Noticed a gargoyle
  1603 | D        | Killed a gargoyle
  1603 | D        | Reached skill level 24 in Stealth
  1607 | D        | Noticed a lorocyproca
  1609 | D        | Killed a lorocyproca
  1609 | D        | Reached XP level 11. HP: 49/50 MP: 23/28
  2182 | D        | Bought the ring of the Aged Lies {rElec rF+ MR+ Str+4 SInv} for 586 gold pieces
  2300 | D        | Noticed a shining eye
  2300 | D        | Noticed a shining eye
  2300 | D        | Noticed a shining eye
  2300 | D        | Noticed a shining eye
  2300 | D        | Noticed a shining eye
  2300 | D        | Noticed a shining eye
  2301 | D        | Noticed a shining eye
  2301 | D        | Noticed a shining eye
  2302 | D        | Killed a shining eye
  2304 | D        | Killed a shining eye
  2304 | D        | Reached skill level 1 in Invocations
  2307 | D        | Killed a shining eye
  2307 | D        | Reached skill level 25 in Stealth
  2309 | D        | Killed a shining eye
  2311 | D        | Killed a shining eye
  2311 | D        | Paralysed by a floating eye for 4 turns
  2316 | D        | Killed a shining eye
  2318 | D        | Killed a shining eye
  2321 | D        | Killed a shining eye
  2326 | D        | Paralysed by a floating eye for 3 turns
  2328 | D        | Reached skill level 26 in Stealth
  2334 | D        | Found Zoeme's Jewellery Shoppe.
  2334 | D        | Found Fatitoom's Armour Shop.
  2334 | D        | Found Hiatow's General Store.
  2334 | D        | Found Vytror's Gadget Boutique.
  2344 | D        | Paralysed by a floating eye for 3 turns
  2506 | D        | Noticed a lindwurm
  2509 | D        | Killed a lindwurm
  2548 | D        | Reached skill level 27 in Stealth
  2746 | D        | Noticed a daeva
  2749 | D        | Noticed an unseen horror
  2749 | D        | Noticed an unseen horror
  2749 | D        | Noticed an unseen horror
  2750 | D        | Noticed an unseen horror
  2752 | D        | Killed an unseen horror
  2753 | D        | Noticed an unseen horror
  2754 | D        | Killed an unseen horror
  2755 | D        | Killed an unseen horror
  2755 | D        | Reached XP level 12. HP: 55/55 MP: 31/31
  2846 | D        | Noticed a fire giant
  2847 | D        | Noticed a fire giant
  2847 | D        | Noticed a fire giant
  2847 | D        | Noticed a fire giant
  2848 | D        | Killed a fire giant
  2848 | D        | Reached skill level 5 in Conjurations
  3037 | D        | Killed a fire giant
  3037 | D        | Reached skill level 15 in Spellcasting
  3127 | D        | Killed a fire giant
  3231 | D        | Killed a fire giant
  3254 | D        | Noticed Tiamat
  3297 | D        | Noticed a 12-headed hydra
  3302 | D        | Killed a 12-headed hydra
  3540 | D        | Noticed a deep elf annihilator
  3543 | D        | Noticed a mummy priest
  3786 | D        | Killed a deep elf annihilator
  3933 | D        | Killed a mummy priest
  4711 | D        | Noticed the 27-headed Lernaean hydra
  4760 | D        | Killed the 27-headed Lernaean hydra
  4760 | D        | Reached XP level 13. HP: 60/60 MP: 20/35
  5052 | D        | Noticed a deep elf master archer
  5511 | D        | Killed a deep elf master archer
  6007 | D        | Noticed a shadow dragon
  6008 | D        | Noticed a golden dragon
  6009 | D        | Killed a shadow dragon
  6009 | D        | Reached skill level 15 in Dodging
  6011 | D        | Killed a golden dragon
  6096 | D        | Found Bine's Antique Weapon Shoppe.
  6245 | D        | Bought a scroll of holy word for 105 gold pieces
  6247 | D        | Bought the ring of Zotutz {+Fly rElec rN++ SInv} for 508 gold pieces
  6247 | D        | Bought an uncursed amulet of regeneration for 330 gold pieces
  6571 | D        | Noticed Lom Lobon
  6879 | D        | Bought a potion of magic for 96 gold pieces
  6881 | D        | Bought a scroll of enchant weapon for 105 gold pieces
  6881 | D        | Bought a scroll of enchant armour for 105 gold pieces
  6881 | D        | Bought a scroll of blinking for 105 gold pieces
  6881 | D        | Bought a scroll of blinking for 105 gold pieces
  6881 | D        | Bought a scroll of identify for 28 gold pieces
  6992 | D        | Succumbed to poison (dark miasma)

Vault maps used:
D:        dungeon_sprint_1

Skill      XL: |  1  2  3  4  5  6  7  8  9 10 11 12 13 |
---------------+----------------------------------------+-----
Dodging        | 4 5 6 7 8 9 10 11 14 15 | 15.8
Stealth        | 6 9 12 14 16 19 21 24 27 | 27.0
Spellcasting   | 3 4 6 7 8 9 10 12 14 17 18 | 18.4
Hexes          | 5 7 9 10 11 12 14 15 16 17 19 20 | 20.2
Ice Magic      | 1 2 |  2.1
Short Blades   | 2 3 6 8 9 |  9.7
Fighting       | 2 3 |  3.3
Conjurations   | 2 4 7 8 |  8.0
Invocations    | 3 |  3.9
Armour         | |  0.5

Action                   |  1- 3 |  4- 6 |  7- 9 | 10-12 | 13-15 || total
-------------------------+-------+-------+-------+-------+-------++-------
Melee: Dagger            |     8 |     6 |    10 |   149 |     2 ||   175
 Cast: Ensorcelled Hiber |       |     2 |     5 |    38 |       ||    45
       Tukima's Dance    |       |       |     1 |       |       ||     1
       Dazzling Spray    |       |       |       |    39 |     6 ||    45
       Confuse           |       |       |       |     2 |       ||     2
Invok: Shadow Step       |       |       |       |    11 |     1 ||    12
 Abil: Evoke Flight      |       |       |       |       |     1 ||     1
  Use: Scroll            |       |       |       |     8 |       ||     8
       Potion            |       |       |       |     7 |       ||     7
 Stab: Sleeping          |     2 |     4 |     9 |    61 |     2 ||    78
  Eat: Bread ration      |       |       |       |     1 |       ||     1
Armor: Robe              |       |       |       |     1 |     1 ||     2
Dodge: Dodged            |     5 |     3 |    14 |    68 |     6 ||    96
